 Dungeon Crawl Stone Soup version 0.30-a0-840-ga523dec638 (webtiles) character file.

Game seed: 17762206366558246466

54 avis the Trooper (level 3, -4/31 HPs)
             Began as a Demigod Warper on Mar 2, 2023.
             Slain by an orc
             ... wielding a +0 mace
              (6 damage)
             ... on level 2 of the Dungeon.
             The game lasted 00:10:09 (1748 turns).

avis the Trooper (Demigod Warper)                   Turns: 1748, Time: 00:10:10

Health: -4/31      AC:  4    Str: 12    XL:     3   Next: 44%
Magic:  8/8        EV: 12    Int: 15    God:
Gold:   101        SH:  0    Dex: 17    Spells: 3/5 levels left

rFire   . . .      SeeInvis .    a - +0 falchion
rCold   . . .      Faith    .    (no shield)
rNeg    . . .      Spirit   .    b - +0 leather armour
rPois   .          Reflect  .    (no helmet)
rElec   .          Harm     .    m - +0 cloak
rCorr   .          Rampage  .    (no gloves)
Will    .....                    (no boots)
Stlth   ++                       (no amulet)
HPRegen 0.25/turn                (no ring)
MPRegen 0.11/turn                (no ring)

@: studying Armour
A: high MP 1, forlorn, divine attributes
a: no special abilities


You were on level 2 of the Dungeon.
You visited 1 branch of the dungeon, and saw 3 of its levels.

You collected 101 gold pieces.

Inventory:

Hand Weapons
 a - a +0 falchion (weapon)
Missiles
 d - 7 boomerangs of dispersal (quivered)
 q - 5 boomerangs
Armour
 b - a +0 leather armour (worn)
 f - an orb of wrath
 m - a +0 cloak (worn)
 s - a +0 chain mail
Scrolls
 c - a scroll of blinking
 e - a scroll of brand weapon {unknown}
 i - a scroll of immolation {unknown}
 k - a scroll of fog {unknown}
 l - a scroll of magic mapping {unknown}
 n - 2 scrolls of identify {unknown}
 p - 2 scrolls of fear {unknown}
 t - a scroll of butterflies {unknown}
Potions
 g - a potion of degeneration {unknown}
 h - a potion of lignification {unknown}
 j - a potion of magic {unknown}
 o - 2 potions of curing {unknown}
 r - a potion of mutation {unknown}


   Skills:
 * Level 3.5 Fighting
 - Level 1.7 Long Blades
 - Level 0.8 Throwing
 - Level 0.8 Armour
 - Level 1.7 Dodging
 - Level 1.0 Stealth
 - Level 1.7 Spellcasting
 - Level 2.6 Translocations


You had 3 spell levels left.
You knew the following spells:

 Your Spells              Type           Power      Damage    Failure   Level
b - Blink                 Tloc           18%        N/A       14%         2

Your spell library contained the following spells:

 Spells                   Type           Power      Damage    Failure   Level
 Lesser Beckoning         Tloc           18%        N/A       14%         2
 Teleport Other           Tloc           9%         N/A       28%         3
 Cigotuvi's Dreadful Rot  Necr/Pois/Air  2%         N/A       41%         2
 Poisonous Vapours        Pois/Air       2%         N/A       41%         2
 Vhi's Electric Charge    Tloc/Air       10%        N/A       45%         3
 Mephitic Cloud           Conj/Pois/Air  1%         N/A       65%         3
 Manifold Assault         Tloc           9%         N/A       67%         4
 Summon Forest            Summ/Tloc      2%         N/A       99%         5
 Arcjolt                  Conj/Air       0%         1d10      100%        5
 Eringya's Noxious Bog    Tmut/Pois      0%         N/A       100%        6
 Summon Hydra             Summ           0%         N/A       100%        7
 Maxwell's Capacitive Co  Air            0%         ∞         100%        8


Dungeon Overview and Level Annotations

Branches:
Dungeon (3/15)


Innate Abilities, Weirdness & Mutations

You have an increased reservoir of magic. (+10% MP)
You shall have no god before yourself.
Your divine heritage dramatically boosts your attributes as you level up.


Message History

An orc is wielding a +2 short sword of flaming.
Found a scroll labelled SIDASA XEYSIMMAG and a scroll labelled KIJOCI TYQOS.
The orc shouts!
There is a stone staircase leading up here.
You closely miss the rat. The rat misses you.
You barely miss the rat. The rat barely misses you.
You hit the rat.
You kill the rat!
You barely miss the orc. The orc hits you with a +0 mace.
The orc hits you but does no damage. x2
You completely miss the orc.
The orc shouts!
The orc hits you from afar with a +0 trident.
The orc barely misses you.
You closely miss the orc.
The orc hits you from afar with a +0 trident.
The orc hits you with a +0 mace.
You closely miss the orc. The orc hits you but does no damage.
The orc hits you with a +0 mace.
You barely miss the orc. The orc hits you with a +0 mace.
The orc barely misses you.
You barely miss the orc. The orc barely misses you.
The orc hits you but does no damage. The orc barely misses you.
The orc hits you with a +0 mace.
You closely miss the orc.
The orc hits you from afar with a +0 trident.
The orc hits you but does no damage.
The orc hits you from afar with a +0 trident.
* * * LOW HITPOINT WARNING * * *
The orc hits you but does no damage.
You climb upwards.
There is a stone staircase leading down here.
You hit the orc but do no damage. The orc hits you with a +0 mace.
* * * LOW HITPOINT WARNING * * *
You barely miss the orc. The orc hits you with a +0 mace.
* * * LOW HITPOINT WARNING * * *
You hit the orc.
The orc is moderately wounded.
The orc hits you with a +0 mace.
You die...

###### #....#
#.##.#
#######.##.#
...#....##.#
##.#.#####.###
...>.### #...#
##.....#####.#####
...[...........o@#
..####.#########.#
..# #.# #..# ..#
##.########..# ..#
#............# ..#
#..#####.#...#
..###..# #.#...#
..<....# #.#...#
..#....# ###.###.#


You could see an orc.

Vanquished Creatures
  A worm (D:2)
  A dart slug (D:1)
  3 bats (D:2)
  9 endoplasms
  2 giant cockroaches
  8 goblins
  3 hobgoblins (D:1)
  7 jackals
  A quokka (D:2)
  3 ball pythons
  2 kobolds
  3 rats
43 creatures vanquished.

Notes
Turn   | Place    | Note
-------+----------+-------------------------------------------
     0 | D:1      | avis the Demigod Warper began the quest for the Orb.
     0 | D:1      | Reached XP level 1. HP: 17/17 MP: 5/5
   161 | D:1      | Reached skill level 1 in Stealth
   178 | D:1      | Reached skill level 2 in Fighting
   312 | D:1      | Reached XP level 2. HP: 17/25 MP: 7/7
   936 | D:1      | Reached skill level 3 in Fighting
  1009 | D:2      | Reached XP level 3. HP: 15/31 MP: 8/8
  1567 | D:2      | Learned a level 2 spell: Blink
  1748 | D:2      | Slain by an orc

Illustrated notes

Levels and vault maps discovered:
D:1:      giann_forest_graveyard, layout_loops_ring, grunt_decor_cap
D:2:      layout_basic, hangedman_decor_push, kennysheep_generic_room_4
D:3:      layout_basic, amethyst_killhole

Skill      XL: |  1  2 |
---------------+-------+-----
Stealth        | 1 |  1.0
Fighting       | 2 3 |  3.5
Long Blades    | |  1.7
Throwing       | |  0.8
Armour         | |  0.8
Dodging        | |  1.7
Spellcasting   | |  1.7
Translocations | |  2.6

Action                     || total
---------------------------++-------
  Melee: Falchion          ||   144
   Stab: Sleeping          ||     1
 Armour: Leather armour    ||    47
  Dodge: Dodged            ||    95

Table legend: (Time is in decaauts)
 A = Elapsed time spent in this place.
 B = Non-inter-level travel time spent in this place.
 C = Inter-level travel time spent in this place.
 D = Time resting spent in this place.
 E = Time spent auto-exploring this place.
 F = Levels seen in this place.
 G = Mean time per level.
                   A        B        C        D        E       F      G
               +--------+--------+--------+--------+--------+-----+--------+
         Total |   1779 |   1509 |    270 |    137 |    772 |   3 |  593.0 |
       Dungeon |   1779 |   1509 |    270 |    137 |    772 |   3 |  593.0 |
               +--------+--------+--------+--------+--------+-----+--------+

Top non-repeatable levels by time:
     D:1: 989 daAuts
     D:2: 719 daAuts
     D:3: 71 daAuts
